 Dungeon Crawl Stone Soup version 0.30-a0-310-g7d6cbdfea6 (webtiles) character file.

Game seed: 12652078052090264973

1132 koil the Covert (level 8, -15/42 HPs)
             Began as a Spriggan Brigand on Oct 25, 2022.
             Engulfed by a cloud of flame (25 damage)
             ... on level 6 of the Dungeon.
             The game lasted 00:13:22 (4802 turns).

koil the Covert (Spriggan Brigand)                  Turns: 4802, Time: 00:13:23

Health: -15/42     AC:  9    Str: 13    XL:     8   Next: 13%
Magic:  16/16      EV: 19    Int: 15    God:
Gold:   386        SH:  0    Dex: 16    Spells: 16/16 levels left

rFire   . . .      SeeInvis +    y - +6 short sword of the Seven Brambles {vorpal, rElec Str+6 Stlth+}
rCold   + . .      Faith    .    (no shield)
rNeg    . . .      Spirit   .    i - +2 robe {rC+}
rPois   .          Reflect  .    (helmet restricted)
rElec   +          Harm     .    c - +0 cloak
rCorr   .          Rampage  .    (gloves unavailable)
Will    +....                    (boots unavailable)
Stlth   +++++.....               (no amulet)
HPRegen 0.27/turn                w - +4 ring of protection
MPRegen 0.15/turn                (no ring)

@: very quick
A: very small, no large weapons, unfitting armour, see invisible, speed 3
a: no special abilities


You were on level 6 of the Dungeon.
You visited 1 branch of the dungeon, and saw 6 of its levels.

You collected 386 gold pieces.

Inventory:

Hand Weapons
 a - a +2 dagger
 r - a +1 vampiric whip
 t - a +1 short sword of distortion
 y - the +6 short sword of the Seven Brambles (weapon) {vorpal, rElec Str+6 Stlth+}
   (You found it on level 3 of the Dungeon)

   It inflicts extra damage upon your enemies.
   Str:       It affects your strength (+6).
   rElec:     It insulates you from electricity.
   Stlth:     It makes you more stealthy.
 z - the +4 rapier of Oozing Pus {holy, Fragile rElec rC+++ Int+2}
   (You found it on level 3 of the Dungeon)

   It has been blessed by the Shining One to cause great damage to the undead
   and demons.
   Int:       It affects your intelligence (+2).
   rC:        It renders you almost immune to cold.
   rElec:     It insulates you from electricity.
   Fragile:   It will be destroyed if unequipped.
 G - the +1 short sword "Uresirar" {distort, *Noise rC+ Will+++ SInv}
   (You found it on level 5 of the Dungeon)

   It warps and distorts space around it, and may blink, banish, or inflict
   extra damage upon those it strikes.
   Unwielding it can cause banishment or high damage.
   rC:        It protects you from cold.
   SInv:      It lets you see invisible.
   *Noise:    It may make noises in combat.
   Will:      It greatly increases your willpower.
 H - a +2 dagger of holy wrath
 I - a +1 flail of protection
Missiles
 d - 15 poisoned darts
 e - 3 curare-tipped darts
 B - a throwing net (quivered)
Armour
 b - a +0 robe
 c - a +0 cloak (worn)
 i - a +2 robe of cold resistance (worn)
Magical Staves
 k - a staff of death
 A - a staff of cold
Jewellery
 w - a +4 ring of protection (left hand)
Wands
 E - a wand of acid (14)
Scrolls
 g - a scroll of amnesia {unknown}
 m - 2 scrolls of teleportation {unknown}
 o - 3 scrolls of blinking {unknown}
 p - 5 scrolls of identify {unknown}
 v - a scroll of torment {unknown}
 x - a scroll of poison {unknown}
 C - a scroll of noise {unknown}
 F - a scroll of magic mapping {unknown}
Potions
 f - a potion of berserk rage {unknown}
 h - 4 potions of heal wounds {unknown}
 j - 5 potions of might {unknown}
 l - 2 potions of magic {unknown}
 n - a potion of flight {unknown}
 q - 5 potions of curing {unknown}
 s - a potion of mutation {unknown}
 u - a potion of invisibility {unknown}
 D - a potion of brilliance {unknown}
 J - a potion of attraction {unknown}


   Skills:
 + Level 3.8 Fighting
 + Level 5.1 Short Blades
 - Level 2.0 Throwing
 + Level 5.6 Dodging
 + Level 8.9 Stealth
 + Level 4.9 Spellcasting


You had 16 spell levels left.
You didn't know any spells.
Your spell library contained the following spells:

 Spells                   Type           Power      Damage    Failure   Level
 Beastly Appendage        Tmut           6%         N/A       17%         1
 Wereblood                Tmut           3%         N/A       26%         2
 Gell's Gravitas          Tloc           3%         N/A       45%         3
 Spider Form              Tmut/Pois      3%         N/A       45%         3
 Teleport Other           Tloc           3%         N/A       45%         3
 Conjure Ball Lightning   Conj/Air       1%         3x3d6     100%        6
 Dispersal                Tloc           1%         N/A       100%        6
 Discord                  Hex            1%         N/A       100%        8
 Disjunction              Tloc           1%         N/A       100%        8


Dungeon Overview and Level Annotations

Branches:
Dungeon (6/15)
 Temple: D:4-7

Altars:
Ashenzari
Dithmenos
Fedhas
Yredelemnul
Zin
The Shining One

Shops:
D:6 [

Annotations:
D:4 exclusion: oklob plant
D:6 3 runed translucent doors, CertainDeath's ghost, novice MiHu; DedanOfZone1's ghost, novice HOFi; Tollund's ghost, novice OpTm; gowby's ghost, novice BaIE


Innate Abilities, Weirdness & Mutations

You are very small and have problems with some larger weapons.
You are too small for most types of armour.
You have supernaturally acute eyesight. (SInv)
You cover ground extremely quickly. (Speed+++)


Message History

The orc hits you but does no damage.
You puncture the orc!
You kill the orc!
No target in view!
No target in view!
No target in view!
HP restored.
Found a stone staircase leading down.
There is a stone staircase leading down here.
There is a stone staircase leading down here.
You open the door.
There is an open door here.
Gowby's ghost turns its malevolent gaze towards you.
Could not explore, unopened runed door.
Unknown command.
Really walk into a travel-excluded area? [Y]es or [N]o only, please.
Really walk into a travel-excluded area?
You are engulfed in blazing flames.
Really walk into a travel-excluded area? [Y]es or [N]o only, please.
Really walk into a travel-excluded area?
Okay, then.
Unknown command.
Press: ? - help, v - describe, . - travel, g - get item Item here: a book of Touch.
The floor.
Unknown command.
Unknown command.
Unknown command.
Unknown command.
Really walk into a travel-excluded area?
Really walk into a travel-excluded area? [Y]es or [N]o only, please.
Really walk into a travel-excluded area?
You are engulfed in blazing flames.
* * * LOW HITPOINT WARNING * * *
You are engulfed in blazing flames.
Ouch! That really hurt!
You die...

#...# #.§§# #...#####... ##..#
#§§§# #......)+...
############...#####...#####...
#........§§./...☼§.....# #.8.
#.####..§§.).?..☼§§....########
#.# ##.§.§......§§.#..........
#.# #####.:.######.########.
#.# #☼☼§# #........... #.#
#○§@# #........... #.# #☼§○#
#..#######..
#.##########...#####..#######..
#.......'......................
#########............#.........
#............#.........
#............########..
#............# #..
#............# #..


There were no monsters in sight!

Vanquished Creatures
  An orc warrior (D:6)
  2 ogres
  2 necrophages
  2 scorpions
  4 hounds
  2 jellies (D:6)
  2 orc priests
  3 iguanas
  2 orc wizards (D:5)
  6 gnolls
  8 adders
  2 ufetubi
  A worm (D:2)
  The ghost of Flanfartigan the Covert, a weakling GnDe (D:5)
  2 dart slugs
  19 orcs
  5 endoplasms
  3 giant cockroaches
  3 goblins
  7 hobgoblins
  3 jackals
  6 kobolds
  5 quokkas
  3 ball pythons
  2 bats
  A frilled lizard (D:2)
  5 rats
102 creatures vanquished.

Vanquished Creatures (others)
  An orc wizard (D:5)
1 creature vanquished.

Grand Total: 103 creatures vanquished

Notes
Turn   | Place    | Note
-------+----------+-------------------------------------------
     0 | D:1      | koil the Spriggan Brigand began the quest for the Orb.
     0 | D:1      | Reached XP level 1. HP: 10/10 MP: 2/2
   222 | D:1      | Found a faded altar of an unknown god.
   267 | D:1      | Reached skill level 6 in Stealth
   441 | D:1      | Reached XP level 2. HP: 15/15 MP: 3/3
   857 | D:2      | Reached skill level 1 in Spellcasting
  1033 | D:2      | Reached XP level 3. HP: 18/18 MP: 5/5
  1809 | D:3      | Reached XP level 4. HP: 23/23 MP: 7/7
  1825 | D:3      | Identified the +6 short sword of the Seven Brambles
                  | {vorpal, rElec Str+6 Stlth+}
  1999 | D:3      | Identified the +4 rapier of Oozing Pus {holy, Fragile rElec
                  | rC+++ Int+2}
  2589 | D:4      | Reached XP level 5. HP: 12/27 MP: 9/9
  2945 | D:4      | Found a blossoming altar of Fedhas.
  2978 | D:4      | Noticed an oklob plant
  3064 | D:4      | Reached skill level 7 in Stealth
  3230 | D:5      | Entered Level 5 of the Dungeon
  3248 | D:5      | Reached XP level 6. HP: 32/32 MP: 11/11
  3284 | D:5      | Found a runed translucent door.
  3284 | D:5      | Noticed Flanfartigan's ghost (weakling GnDe)
  3490 | D:5      | Killed Flanfartigan's ghost
  3491 | D:5      | Identified the +1 short sword "Uresirar" {distort, *Noise
                  | rC+ Will+++ SInv}
  3514 | D:5      | Reached XP level 7. HP: 36/36 MP: 13/13
  3657 | D:5      | Reached skill level 8 in Stealth
  3980 | D:6      | Found Jeilomuf's Armour Shop.
  4014 | D:6      | Reached skill level 5 in Dodging
  4158 | D:6      | Reached XP level 8. HP: 29/42 MP: 14/16
  4240 | D:6      | Found a broken altar of Ashenzari.
  4242 | D:6      | Found a glowing silver altar of Zin.
  4245 | D:6      | Found a basalt altar of Yredelemnul.
  4245 | D:6      | Found a shadowy altar of Dithmenos.
  4245 | D:6      | Found a glowing golden altar of the Shining One.
  4248 | D:6      | Reached skill level 5 in Short Blades
  4495 | D:6      | Found a runed translucent gate.
  4495 | D:6      | Found a runed translucent gate.
  4495 | D:6      | Found a runed translucent gate.
  4497 | D:6      | Noticed gowby's ghost (novice BaIE)
  4498 | D:6      | Noticed Tollund's ghost (novice OpTm)
  4498 | D:6      | Noticed DedanOfZone1's ghost (novice HOFi)
  4498 | D:6      | Noticed CertainDeath's ghost (novice MiHu)
  4802 | D:6      | Engulfed by a cloud of flame

Illustrated notes

Levels and vault maps discovered:
D:1:      dpeg_arrival_court, layout_basic,
          hellmonk_ecumenical_altar_heavens_door, minmay_tetromino_o2
D:2:      layout_rooms, serial_aquarium, aquarium_bridge_long_separate
          [aquarium_subvault_bridge, aquarium_subvault_window,
          aquarium_subvault_window, aquarium_subvault_bridge,
          aquarium_subvault_window, aquarium_subvault_balcony],
          aquarium_bridge_square [aquarium_subvault_bridge,
          aquarium_subvault_bridge, aquarium_subvault_bridge,
          aquarium_subvault_bridge], aquarium_window_1, aquarium_window_2,
          aquarium_window_fake, aquarium_view_2c, aquarium_view_2c,
          aquarium_balcony_3a, aquarium_pool_side, nicolae_figureground_pulse
D:3:      minmay_door_path, layout_loops_cross
D:4:      layout_rooms, tgw_fedhas
D:5:      layout_rooms, gammafunk_ghost_grave, minmay_stone_trees_medium,
          chequers_serial_rivers_room_a
D:6:      layout_basic, grunt_temple_overflow_open, serial_shops,
          nicolae_shop_statue_plus, gammafunk_ghost_cemetery,
          lemuel_flame_loot_1

Skill      XL: |  1  2  3  4  5  6  7  8 |
---------------+-------------------------+-----
Stealth        | 6 7 8 |  8.9
Spellcasting   | 1 2 3 4 |  4.9
Dodging        | 2 3 4 5 |  5.6
Fighting       | 2 3 |  3.8
Short Blades   | 3 4 5 |  5.1
Throwing       | |  2.0

Action                   |  1- 3 |  4- 6 |  7- 9 || total
-------------------------+-------+-------+-------++-------
Melee: Dagger            |   137 |     6 |       ||   143
       Punch             |     4 |     1 |       ||     5
       Short sword       |       |   117 |    68 ||   185
Throw: Dart              |     2 |     6 |       ||     8
       Throwing net      |       |     2 |       ||     2
 Stab: Sleeping          |    13 |    13 |     9 ||    35
       Distracted        |     1 |       |       ||     1
       Held in net/web   |       |     1 |       ||     1
Armor: Robe              |    18 |    18 |     6 ||    42
Dodge: Dodged            |    77 |    61 |    33 ||   171

Table legend: (Time is in decaauts)
 A = Elapsed time spent in this place.
 B = Non-inter-level travel time spent in this place.
 C = Inter-level travel time spent in this place.
 D = Time resting spent in this place.
 E = Time spent auto-exploring this place.
 F = Levels seen in this place.
 G = Mean time per level.
                   A        B        C        D        E       F      G
               +--------+--------+--------+--------+--------+-----+--------+
         Total |   3215 |   3075 |    140 |    227 |   2056 |   6 |  535.8 |
       Dungeon |   3215 |   3075 |    140 |    227 |   2056 |   6 |  535.8 |
               +--------+--------+--------+--------+--------+-----+--------+

Top non-repeatable levels by time:
     D:3: 675 daAuts
     D:6: 585 daAuts
     D:1: 539 daAuts
     D:2: 517 daAuts
     D:5: 475 daAuts
     D:4: 422 daAuts
